 Dungeon Crawl Stone Soup version 0.29.1-12-g30fa7ad0bf (webtiles) character file.

Game seed: 9655351260753004888

221917 FexLirch the Executioner (level 19, -3/179 HPs)
             Began as a Hill Orc Fighter on Jan 6, 2023.
             Was the Champion of Beogh.
             Slain by a vault warden
             ... wielding a +3 long sword
              (25 damage)
             ... on level 4 of the Vaults on Jan 7, 2023.
             The game lasted 01:58:29 (31097 turns).

FexLirch the Executioner (Hill Orc Fighter)        Turns: 31097, Time: 01:58:29

Health: -3/179     AC: 23    Str: 27    XL:     19   Next: 22%
Magic:  42/42      EV: 13    Int: 16    God:    Beogh [******]
Gold:   1533       SH: 18    Dex: 10    Spells: 18/18 levels left

rFire   + . .      SeeInvis .   W - +6 broad axe (venom)
rCold   + + .      Faith    .   C - +5 kite shield
rNeg    . . .      Spirit   .   Z - +3 scale mail of Diton {rF+ Int+3}
rPois   +          Reflect  .   g - +3 hat of Pondering {ponderous, Will+ MP+10 Int+5}
rElec   .          Harm     .   G - +0 cloak
rCorr   .          Rampage  +   X - +2 pair of gloves
Will    ++...                   b - +0 pair of boots {rampage}
Stlth   +.........              s - amulet of Nobility {Acrobat rC++ Stlth+}
HPRegen 0.39/turn               n - ring of poison resistance
MPRegen 0.28/turn               c - +4 ring of evasion

@: marked, hasted, very quick
A: walk on water
}: 1/15 runes: barnacled
a: Renounce Religion, Smiting, Recall Orcish Followers, Give Item to Named
Follower, Resurrection


You were on level 4 of the Vaults.
You worshipped Beogh.
Beogh was exalted by your worship.
You visited 6 branches of the dungeon, and saw 31 of its levels.

You collected 3624 gold pieces.
You spent 2091 gold pieces at shops.

Inventory:

Hand Weapons
 h - a +1 triple crossbow of flaming
 v - a +3 flail
 W - a +6 broad axe of venom (weapon)
Missiles
 L - 18 javelins (quivered)
 P - 5 throwing nets
Armour
 b - a +0 pair of boots of rampaging (worn)
 g - the +3 hat of Pondering (worn) {ponderous, Will+ MP+10 Int+5}
   (You found it on level 9 of the Dungeon)

   Int:       It affects your intelligence (+5).
   MP:        It affects your magic capacity (+10).
   Will:      It increases your willpower.
 x - a +0 kite shield
 C - a +5 kite shield (worn)
 G - a +0 cloak (worn)
 X - a +2 pair of gloves (worn)
 Z - the +3 scale mail of Diton (worn) {rF+ Int+3}
   (You found it on level 5 of the Lair of Beasts)

   Int:       It affects your intelligence (+3).
   rF:        It protects you from fire.
Jewellery
 c - a +4 ring of evasion (right hand)
 i - the ring "Fiesy" {Will+ SInv Stlth+}
   (You took it off a meliai on level 9 of the Dungeon)

   [ring of willpower]

   SInv:      It lets you see invisible.
   Will:      It increases your willpower.
   Stlth:     It makes you more stealthy.
 n - a ring of poison resistance (left hand)
 o - the ring "Hoif" {rF- rN+ Will+ Dex+4}
   (You found it on level 4 of the Shoals)

   [ring of willpower]

   Dex:       It affects your dexterity (+4).
   rF:        It makes you vulnerable to fire.
   rN:        It protects you from negative energy.
   Will:      It increases your willpower.
 s - the amulet of Nobility (around neck) {Acrobat rC++ Stlth+}
   (You bought it in a shop on level 2 of the Orcish Mines)

   [amulet of the acrobat]

   It increases your evasion while moving and waiting.
   rC:        It greatly protects you from cold.
   Stlth:     It makes you more stealthy.
 H - a ring of protection from cold
 O - a ring of fire
 T - a ring of resist corrosion
 V - a +4 ring of protection
Wands
 d - a wand of light (21)
 e - a wand of roots (22)
 y - a wand of digging (5)
 A - a wand of polymorph (13)
 J - a wand of flame (12)
Scrolls
 a - 3 scrolls of fear
 f - 5 scrolls of vulnerability
 k - 3 scrolls of immolation
 m - 2 scrolls of summoning
 p - a scroll of silence
 r - 3 scrolls of noise
 w - 2 scrolls of poison
 B - 5 scrolls of amnesia
 D - 5 scrolls of identify
 E - a scroll of fog
 I - 17 scrolls of teleportation
 K - 10 scrolls of magic mapping
 M - 3 scrolls of blinking
 S - 2 scrolls of torment
Potions
 j - 3 potions of might
 l - 7 potions of brilliance
 q - 6 potions of mutation
 t - 7 potions of lignification
 u - 6 potions of flight
 z - 11 potions of magic
 F - 4 potions of invisibility
 N - 6 potions of curing
 Q - 4 potions of haste
 U - 3 potions of resistance
 Y - 4 potions of ambrosia


   Skills:
 + Level 18.2 Fighting
 + Level 24.0 Axes
 + Level 15.0 Armour
 + Level 16.9 Shields
 + Level 18.5 Invocations


You had 18 spell levels left.
You didn't know any spells.
Your spell library contained the following spells:

 Spells                   Type           Power      Damage    Failure   Level
 Apportation              Tloc           0%         N/A       56%         1
 Freeze                   Ice            0%         1d3       56%         1
 Necrotise                Necr           0%         1d4       56%         1
 Slow                     Hex            0%         N/A       56%         1
 Sting                    Tmut/Pois      0%         1d3       56%         1
 Summon Small Mammal      Summ           0%         N/A       56%         1
 Blink                    Tloc           0%         N/A       71%         2
 Poisonous Vapours        Pois/Air       0%         N/A       71%         2
 Sublimation of Blood     Necr           0%         N/A       71%         2
 Wereblood                Tmut           0%         N/A       71%         2
 Confusing Touch          Hex            0%         N/A       91%         3
 Frozen Ramparts          Ice            0%         1d1       91%         3
 Gell's Gravitas          Tloc           0%         N/A       91%         3
 Ozocubu's Armour         Ice            0%         N/A       91%         3
 Teleport Other           Tloc           0%         N/A       91%         3
 Tukima's Dance           Hex            0%         N/A       91%         3
 Vampiric Draining        Necr           0%         2d6       91%         3
 Anguish                  Hex/Necr       0%         N/A       100%        4
 Hailstorm                Conj/Ice       0%         3d3       100%        4
 Ice Form                 Ice/Tmut       0%         N/A       100%        4
 Olgreb's Toxic Radiance  Pois           0%         N/A       100%        4
 Passage of Golubria      Tloc           0%         N/A       100%        4
 Summon Ice Beast         Ice/Summ       0%         N/A       100%        4
 Fireball                 Conj/Fire      0%         3d3       100%        5
 Iskenderun's Battlesphe  Conj           0%         2d6       100%        5
 Manifold Assault         Tloc           0%         N/A       100%        5
 Metabolic Englaciation   Hex/Ice        0%         N/A       100%        5
 Summon Forest            Summ/Tloc      0%         N/A       100%        5
 Summon Mana Viper        Hex/Summ       0%         N/A       100%        5
 Yara's Violent Unravell  Hex/Tmut       0%         3d3       100%        5
 Conjure Ball Lightning   Conj/Air       0%         3x3d6     100%        6
 Dispersal                Tloc           0%         N/A       100%        6
 Eringya's Noxious Bog    Tmut/Pois      0%         N/A       100%        6
 Simulacrum               Ice/Necr       0%         N/A       100%        6
 Summon Cactus Giant      Summ           0%         N/A       100%        6
 Enfeeble                 Hex            0%         N/A       100%        7
 Orb of Destruction       Conj           0%         9d5       100%        7
 Storm Form               Tmut/Air       0%         N/A       100%        7
 Summon Hydra             Summ           0%         N/A       100%        7
 Discord                  Hex            0%         N/A       100%        8
 Disjunction              Tloc           0%         N/A       100%        8


Dungeon Overview and Level Annotations

Branches:
Dungeon (15/15)            Temple (0/1) D:7            Lair (5/5) D:10
 Shoals (4/4) Lair:3       Spider (1/4) Lair:3        Slime (0/5) Lair:5
    Orc (2/2) D:12            Elf (0/3) Orc:2        Vaults (4/5) D:13
  Crypt (0/3) Vaults:3     Depths (0/4) D:15

Altars:
Cheibriados
Dithmenos
Elyvilon
Fedhas
Makhleb
Qazlal
Sif Muna
Trog
Uskayaw
Vehumet
Xom
Zin

Shops:
D:5 *   D:13 ([   Orc:2 =(*!=   Vaults:1 [   Vaults:4 =(

Portals:
Trove: D:11 (give 11 potions of heal wounds)

Annotations:
D:5 Cheops's ghost, novice MiFi; Sigmund
D:6 1 transporter, nachturnus's ghost, novice DrFi
D:10 1 transporter
D:11 3 runed translucent doors, sigtrap's ghost, journeyman GnBe
D:15 3 runed translucent doors, fantasyman's ghost, journeyman FoFi
Lair:2 2 transporters, TheSexyCheese's ghost, journeyman MiFi
Vaults:2 36 runed doors


Message History

The ironbound thunderhulk is almost dead.
Warrok hits the ironbound thunderhulk from afar with a +0 trident!!!
The ironbound thunderhulk dies!
Beogh accepts your kill.
Warrok looks more experienced.
Your Armour skill increases to level 15!
The ironbound thunderhulk misses you.
The yaktaur captain unwields a +0 arbalest.
You block the yaktaur captain's attack.
You slice the ironbound thunderhulk!!
The ironbound thunderhulk is poisoned.
The ironbound thunderhulk is moderately wounded.
You completely miss the yaktaur captain.
You slice the ironbound thunderhulk!!
The ironbound thunderhulk is heavily wounded.
You hit the yaktaur captain.
The yaktaur captain is poisoned.
You block the yaktaur captain's attack.
You block the ironbound thunderhulk's attack.
You slash the ironbound thunderhulk!
The ironbound thunderhulk is heavily wounded.
You slice the yaktaur captain!!
The yaktaur captain looks as sick as possible!
The vault sentinel blows a loud note on a signal horn!
You hit the ironbound thunderhulk.
The ironbound thunderhulk looks as sick as possible!
The ironbound thunderhulk is heavily wounded.
You slash the yaktaur captain!
The yaktaur captain looks as sick as possible!
You slice the vault warden!!
The vault warden looks as sick as possible!
The yaktaur captain hits you!
* * * LOW HITPOINT WARNING * * *
You slash the ironbound thunderhulk!
The ironbound thunderhulk looks as sick as possible!
The ironbound thunderhulk is severely wounded.
You slice the yaktaur captain!!
The yaktaur captain looks as sick as possible!
You slice the vault warden!!
The vault warden looks as sick as possible!
The vault warden hits you with a +3 long sword!!
You die...

###########o###
#...######
#.⌠.##..$# .
#...#....#
..[.##.##)∩..#
#.....)..o).##
###.#.#.#o#####
#...#.oo#c..#
...##8##o@O⌠p#
..#...#...#p..'...
# #.#.#.#.########
. ....... .##.##.∩
.. #.. #. ##..


You could see a vault warden (extremely poisoned), an ironbound thunderhulk
(extremely poisoned, ally target), a yaktaur captain (extremely poisoned, ally
target), a vault sentinel, the friendly Milork the orc warlord (strong), the
friendly Oreg the orc warlord (strong), the friendly Warrok the orc warlord
(strong) and 2 friendly orc knights.

Vanquished Creatures
  A golden dragon (Vaults:3)
  3 sphinxes
  Frances (D:13)
  7 vault wardens
  A ghost moth (Lair:3)
  An orc warlord (Orc:1)
  9 ironbound preservers
  A very ugly thing (Vaults:2)
  A stone giant (Vaults:4)
  2 entropy weavers
  4 dire elephants
  An ettin (D:13)
  3 merfolk javelineers
  A fire dragon (D:15)
  A deep elf high priest (Vaults:1)
  3 merfolk impalers
  5 yaktaur captains
  6 great orbs of eyes
  4 hydras
  3 peacekeepers
  2 ogre magi (Orc:2)
  2 ice dragons
  Erolcha (D:13)
  An ironbound frostheart (Vaults:1)
  3 boulder beetles
  11 two-headed ogres
  2 satyrs (Shoals:4)
  4 merfolk avatars
  A tengu warrior (D:13)
  8 centaur warriors
  2 alligator snapping turtles
  A catoblepas (Lair:5)
  2 merfolk aquamancers (Shoals:4)
  2 death yaks (Lair:5)
  A radroach (Lair:3)
  Urug (Lair:5)
  A sun demon (Shoals:2)
  An iron troll (D:13)
  5 sea snakes
  Lodul (D:11)
  2 spriggan simulacra (D:14)
  19 deep trolls
  A necromancer (Vaults:1)
  3 wizards (Vaults:4)
  3 deep elf pyromancers
  4 ironbound convokers
  11 harpies
  9 lindwurms
  An orc sorcerer (Orc:1)
  4 cyclopes
  6 manticores
  2 fauns (Shoals:2)
  An elf zombie (Vaults:1)
  A fire giant zombie (Vaults:2)
  9 ugly things
  A salamander (shapeshifter) (D:13)
  2 black mambas
  A black mamba (shapeshifter) (D:13)
  8 merfolk sirens
  7 elephants
  5 water nymphs
  A stone giant skeleton (Vaults:1)
  6 vault sentinels
  A torpor snail (Lair:1)
  8 cane toads
  2 unseen horrors (D:11)
  3 komodo dragons
  2 kobold demonologists (D:12)
  6 rime drakes
  21 yaktaurs
  An anaconda simulacrum (D:14)
  2 tengu conjurers (D:15)
  7 trolls
  4 polar bears
  4 meliai
  31 merfolk
  3 wind drakes
  2 tarantellas
  Prince Ribbit (D:9)
  2 hornets
  6 blink frogs
  6 snapping turtles
  5 dream sheep
  16 slime creatures
  2 jumping spiders (Lair:3)
  2 culicivoras (Lair:3)
  A vampire (D:10)
  2 wraiths
  10 water elementals
  3 shadows (D:9)
  10 basilisks
  40 yaks
  6 wyverns
  8 redbacks
  A harpy simulacrum (D:14)
  2 minotaur simulacra (D:14)
  3 vampire mosquitoes (D:12)
  A glowing shapeshifter zombie (Vaults:2)
  2 acid dragons
  2 human simulacra
  17 water moccasins
  9 orc warriors
  Duvessa (D:5)
  5 sky beasts
  4 ice beasts
  6 black bears
  27 ogres
  An alligator simulacrum (D:14)
  7 wolves
  8 centaurs
  A human skeleton (Vaults:2)
  2 phantoms (D:6)
  9 kobold brigands
  A necrophage (D:6)
  8 bullfrogs
  4 gnoll sergeants
  Dowan (D:5)
  5 wights
  A lindwurm simulacrum (D:14)
  10 killer bees
  7 howler monkeys
  3 lava snakes (D:11)
  5 hounds
  4 orc priests
  2 jellies
  A gnoll bouda (D:9)
  8 orc wizards
  Ijyb (D:5)
  6 hell rats
  4 iguanas
  10 gnolls
  5 adders
  6 river rats (Lair:1)
  A shadow imp (D:8)
  2 white imps
  A worm (D:3)
  4 dart slugs
  26 orcs
  7 ball pythons
  4 endoplasms
  A giant cockroach (D:2)
  6 goblins
  3 hobgoblins
  8 jackals
  5 quokkas
  4 bats
  2 frilled lizards (D:3)
  14 kobolds
  6 rats
728 creatures vanquished.

Vanquished Creatures (collateral kills)
  Jory (Vaults:3)
  The ghost of wormed the Nimble, an adept GnWn of Vehumet (Shoals:1)
  Ilsuiw (Shoals:2)
  An orc warlord (Vaults:3)
  7 vault wardens
  4 ironbound thunderhulks
  4 ironbound preservers
  6 very ugly things
  7 dire elephants
  An entropy weaver (Vaults:3)
  3 merfolk javelineers
  Snorg (Lair:4)
  5 merfolk impalers (Shoals:4)
  A yaktaur captain (Vaults:3)
  5 great orbs of eyes
  A vault guard (Vaults:2)
  2 boulder beetles (D:11)
  A catoblepas (Lair:4)
  2 merfolk aquamancers (Shoals:1)
  6 ironbound frosthearts
  4 centaur warriors
  4 alligator snapping turtles
  A two-headed ogre (Orc:2)
  2 death yaks (Lair:5)
  A deep troll shaman (Lair:5)
  2 sun demons (Shoals:2)
  Sonja (Lair:5)
  A sea snake (Shoals:4)
  14 deep trolls
  3 lindwurms
  7 harpies
  3 ironbound convokers
  2 wizards
  2 necromancers
  An orc knight (Vaults:3)
  7 manticores
  3 fauns (Shoals:4)
  18 slime creatures
  3 oklob plants (Lair:4)
  7 ugly things
  7 cyclopes
  7 merfolk sirens
  A stone giant skeleton (Vaults:2)
  5 elephants
  A black mamba (Lair:4)
  6 vault sentinels
  5 water nymphs
  2 cane toads
  An unseen horror (D:11)
  6 yaktaurs
  A kobold demonologist (D:12)
  A komodo dragon (shapeshifter) (D:13)
  2 komodo dragons (Lair:4)
  10 merfolk
  3 polar bears
  4 trolls (Orc:2)
  2 wind drakes
  A tarantella (Vaults:3)
  3 blink frogs (Lair:5)
  2 snapping turtles (Shoals:2)
  4 dream sheep
  2 jumping spiders
  9 yaks
  5 water elementals
  2 basilisks
  A wyvern (Lair:5)
  4 redbacks
  2 wargs (Orc:2)
  A water moccasin (Lair:5)
  A floating eye (Lair:4)
  3 orc warriors (Orc:1)
  A black bear (Lair:3)
  7 ogres
  5 wolves
  3 centaurs (D:15)
  4 bullfrogs
  A howler monkey (D:8)
  A lava snake (D:11)
  An orc priest (Orc:1)
  A hell rat (Lair:4)
  3 orc wizards
  A gnoll (D:12)
  6 orcs
  A butterfly (Lair:3)
285 creatures vanquished.

Vanquished Creatures (others)
  4 orc sorcerers
  2 orc warlords
  7 orc knights
  An ironbound frostheart (Vaults:3)
  A wizard (Vaults:2)
  4 orc warriors
  4 orc wizards
  5 dream sheep (D:4)
  5 orc priests
  17 orcs
  22 fungi
  7 pillars of salt (Vaults:3)
  89 plants
  A withered plant (Shoals:1)
169 creatures vanquished.

Grand Total: 1182 creatures vanquished

Notes
Turn   | Place    | Note
-------+----------+-------------------------------------------
     0 | D:1      | FexLirch the Hill Orc Fighter began the quest for the Orb.
     0 | D:1      | Reached XP level 1. HP: 19/19 MP: 1/1
    62 | D:1      | Found a faded altar of an unknown god.
   107 | D:1      | Reached skill level 3 in Axes
   186 | D:1      | Reached XP level 2. HP: 26/27 MP: 2/2
   936 | D:2      | Reached XP level 3. HP: 31/33 MP: 3/3
  1176 | D:3      | Reached skill level 4 in Axes
  1357 | D:2      | Reached XP level 4. HP: 32/40 MP: 4/4
  2572 | D:4      | Reached skill level 5 in Axes
  2572 | D:4      | Reached XP level 5. HP: 44/47 MP: 5/5
  2613 | D:4      | Found a bloodstained altar of Trog.
  2768 | D:4      | Found a hide-covered altar of Uskayaw.
  2812 | D:4      | Found a snail-covered altar of Cheibriados.
  3010 | D:4      | Noticed a dream sheep
  3010 | D:4      | Noticed a dream sheep
  3010 | D:4      | Noticed a dream sheep
  3010 | D:4      | Noticed a dream sheep
  3010 | D:4      | Noticed a dream sheep
  3010 | D:4      | Found a shimmering altar of Xom.
  3014 | D:4      | Killed a dream sheep
  3015 | D:4      | Killed a dream sheep
  3015 | D:4      | Killed a dream sheep
  3015 | D:4      | Killed a dream sheep
  3015 | D:4      | Killed a dream sheep
  3024 | D:5      | Entered Level 5 of the Dungeon
  3041 | D:5      | Noticed an ice beast
  3052 | D:5      | Killed an ice beast
  3053 | D:5      | Reached skill level 5 in Fighting
  3053 | D:5      | Reached skill level 6 in Axes
  3053 | D:5      | Reached XP level 6. HP: 36/56 MP: 6/6
  3289 | D:5      | Noticed Duvessa
  3295 | D:5      | Noticed Dowan
  3296 | D:5      | Killed Duvessa
  3313 | D:5      | Killed Dowan
  3314 | D:5      | Reached skill level 7 in Axes
  3314 | D:5      | Reached skill level 5 in Shields
  3314 | D:5      | Reached XP level 7. HP: 24/61 MP: 7/7
  3701 | D:5      | Found Vehop's Assorted Antiques.
  3709 | D:5      | Bought an iron ring for 105 gold pieces
  3746 | D:5      | Noticed Ijyb
  3758 | D:5      | Killed Ijyb
  3881 | D:5      | Noticed Cheops's ghost (novice MiFi)
  3953 | D:5      | Noticed Sigmund
  3969 | D:6      | Reached skill level 8 in Axes
  4586 | D:6      | Found a glowing silver altar of Zin.
  4586 | D:6      | Found a stormy altar of Qazlal.
  4688 | D:6      | Reached XP level 8. HP: 62/71 MP: 8/8
  4717 | D:6      | Reached skill level 9 in Axes
  4793 | D:6      | Found a burning altar of Makhleb.
  4930 | D:6      | Became a worshipper of Beogh the Brigand
  5025 | D:6      | Reached skill level 1 in Invocations
  5195 | D:6      | Found a transporter.
  5201 | D:6      | Noticed nachturnus's ghost (novice DrFi)
  5203 | D:6      | Identified the +6 great mace of Zasess {pain, rC- rCorr
                  | Str+8 Dex-4}
  5251 | D:6      | Found a shadowy altar of Dithmenos.
  5509 | D:7      | Reached skill level 10 in Axes
  5558 | D:7      | Found a blossoming altar of Fedhas.
  5635 | D:7      | Reached XP level 9. HP: 76/79 MP: 9/11
  5977 | D:7      | Found a staircase to the Ecumenical Temple.
  6156 | D:7      | Reached skill level 11 in Axes
  6463 | D:8      | Identified the +5 trident "Qotixyrch" {pain, rF+}
  6571 | D:8      | Reached * piety under Beogh
  6587 | D:8      | Noticed a hornet
  6596 | D:8      | Killed a hornet
  6597 | D:8      | Reached skill level 5 in Invocations
  6598 | D:8      | Reached skill level 12 in Axes
  6777 | D:8      | Reached XP level 10. HP: 90/90 MP: 14/14
  6858 | D:9      | Found a radiant altar of Vehumet.
  6905 | D:9      | Found a white marble altar of Elyvilon.
  7175 | D:9      | Noticed a purple ugly thing
  7189 | D:9      | Killed a purple ugly thing
  7247 | D:9      | Reached skill level 13 in Axes
  7260 | D:9      | Identified the ring "Fiesy" {Will+ SInv Stlth+}
  7275 | D:9      | Noticed a green ugly thing
  7389 | D:9      | Noticed Prince Ribbit
  7413 | D:9      | Killed Prince Ribbit
  7413 | D:9      | Reached ** piety under Beogh
  7598 | D:9      | Found the +3 hat of Pondering {ponderous, Will+ MP+10
                  | Int+5}
  7622 | D:9      | Identified the +4 plate armour of Untruth {Dex+2}
  7622 | D:9      | Noticed a deep elf pyromancer
  7686 | D:9      | Noticed a two-headed ogre
  7896 | D:10     | Entered Level 10 of the Dungeon
  7919 | D:10     | Reached skill level 14 in Axes
  7932 | D:10     | Reached XP level 11. HP: 56/99 MP: 16/16
  7933 | D:10     | Reached skill level 10 in Fighting
  7987 | D:10     | Noticed a two-headed ogre
  7997 | D:10     | Killed a two-headed ogre
  8044 | D:10     | HP: 4/99 [something (7)]
  8115 | D:9      | Noticed a two-headed ogre
  8124 | D:9      | Killed a two-headed ogre
  8184 | D:9      | Killed a two-headed ogre
  8192 | D:9      | Noticed a boulder beetle
  8274 | D:9      | Killed a deep elf pyromancer
  8292 | D:9      | Killed a green ugly thing
  8674 | D:10     | Reached skill level 15 in Axes
  8740 | D:10     | Found a staircase to the Lair.
  8784 | D:10     | Found a transporter.
  8790 | D:10     | Found a transporter.
  8792 | D:10     | Found a transporter.
  8797 | D:10     | Found a transporter.
  8823 | D:10     | Reached skill level 5 in Armour
  8857 | D:11     | Found a runed translucent gate.
  8857 | D:11     | Found a runed translucent gate.
  8865 | D:11     | Found a runed translucent gate.
  8869 | D:11     | Noticed a minotaur
  8869 | D:11     | Noticed sigtrap's ghost (journeyman GnBe)
  8939 | D:11     | Found a portal to a secret trove of treasure.
  9148 | D:11     | Noticed a seven-headed hydra
  9304 | D:10     | Reached skill level 10 in Shields
  9399 | D:10     | Reached *** piety under Beogh
  9401 | D:10     | Reached XP level 12. HP: 108/108 MP: 18/18
  9743 | D:10     | Found a shimmering blue altar of Sif Muna.
  9951 | Lair:1   | Entered Level 1 of the Lair of Beasts
 10170 | Lair:1   | Reached skill level 16 in Axes
 10850 | Lair:1   | Reached skill level 10 in Invocations
 11247 | Lair:2   | Noticed a five-headed hydra
 11264 | Lair:2   | Killed a five-headed hydra
 11264 | Lair:2   | Reached **** piety under Beogh
 11415 | Lair:2   | Reached skill level 17 in Axes
 11521 | Lair:2   | Noticed a death yak
 11581 | Lair:2   | Found a transporter.
 11623 | Lair:2   | Found a transporter.
 11688 | Lair:2   | Reached XP level 13. HP: 107/117 MP: 20/20
 11828 | Lair:2   | Noticed TheSexyCheese's ghost (journeyman MiFi)
 12338 | Lair:3   | Found a hole to the Spider Nest.
 12402 | Lair:3   | Found a staircase to the Shoals.
 12602 | Lair:3   | Reached ***** piety under Beogh
 12854 | Lair:3   | Reached skill level 18 in Axes
 13220 | Lair:4   | Noticed Snorg
 13227 | Lair:4   | Killed Snorg
 13802 | Lair:4   | Paralysed by a floating eye for 3 turns
 13807 | Lair:4   | Paralysed by a floating eye for 2 turns
 14023 | Lair:5   | Entered Level 5 of the Lair of Beasts
 14068 | Lair:5   | Found a staircase to the Slime Pits.
 14069 | Lair:5   | Noticed Urug
 14072 | Lair:5   | Killed Urug
 14073 | Lair:5   | Reached XP level 14. HP: 114/127 MP: 22/23
 14101 | Lair:5   | Reached skill level 19 in Axes
 14114 | Lair:5   | Noticed Sonja
 14136 | Lair:5   | Killed Sonja
 14554 | Lair:5   | Noticed a dire elephant
 14562 | Lair:5   | Killed a dire elephant
 14569 | Lair:5   | Gained Learuk as an ally
 14585 | Lair:5   | Identified the +3 scale mail of Diton {rF+ Int+3}
 14836 | D:11     | Noticed Lodul
 14845 | D:11     | Killed Lodul
 15006 | D:11     | Found a runed translucent door.
 15039 | D:11     | Identified the +1 hat "Muqoalep" {Harm}
 15042 | D:11     | Found a runed translucent gate.
 15042 | D:11     | Found a runed translucent gate.
 15042 | D:11     | Found a runed translucent gate.
 15042 | D:11     | Found a runed translucent gate.
 15042 | D:11     | Found a runed translucent gate.
 15043 | D:11     | Found a runed translucent gate.
 15335 | D:11     | You fall into a shaft and drop 2 floors!
 15366 | D:13     | Noticed Frances
 15381 | D:13     | Killed Frances
 15402 | D:13     | Noticed Erolcha
 15414 | D:13     | Killed Erolcha
 15417 | D:13     | Found Xafoshro's Antique Weapon Boutique.
 15501 | D:13     | Found Vaol's Antique Armour Shoppe.
 15687 | D:12     | Reached skill level 20 in Axes
 16019 | D:12     | Found a staircase to the Orcish Mines.
 16321 | D:14     | Reached ****** piety under Beogh
 16322 | D:14     | Reached skill level 10 in Armour
 16376 | D:14     | Reached XP level 15. HP: 129/137 MP: 24/24
 16547 | D:14     | Gained Horkud as an ally
 16548 | D:14     | Found a frozen archway.
 17067 | D:13     | Found a gate to the Vaults.
 17452 | D:15     | Entered Level 15 of the Dungeon
 17532 | D:15     | Gained Brunolf as an ally
 18109 | D:15     | Found a staircase to the Depths.
 18410 | D:15     | Found a runed translucent gate.
 18413 | D:15     | Found a runed translucent gate.
 18413 | D:15     | Found a runed translucent gate.
 18414 | D:15     | Noticed fantasyman's ghost (journeyman FoFi)
 18741 | Shoals:1 | Entered Level 1 of the Shoals
 18806 | Shoals:1 | Reached skill level 21 in Axes
 18919 | Shoals:1 | Found a runed translucent door.
 18920 | Shoals:1 | Noticed wormed's ghost (adept GnWn)
 18942 | Shoals:1 | Killed wormed's ghost
 19523 | Shoals:2 | Noticed Ilsuiw
 19546 | Shoals:2 | Killed Ilsuiw
 19933 | Shoals:3 | Reached XP level 16. HP: 147/147 MP: 26/26
 20021 | Shoals:3 | Reached skill level 15 in Fighting
 20062 | Shoals:3 | Your ally Brunolf died
 20362 | Shoals:4 | Entered Level 4 of the Shoals
 20396 | Shoals:4 | Gained Milork as an ally
 20650 | Shoals:4 | Reached skill level 15 in Invocations
 20700 | Shoals:4 | Identified the +5 hand axe "Jata" {vorpal, Fragile Str+5}
 21164 | Shoals:4 | Reached skill level 22 in Axes
 21273 | Shoals:4 | Your ally Learuk died
 21463 | Shoals:4 | Got a barnacled rune of Zot
 21602 | Shoals:4 | Identified the ring "Hoif" {rF- rN+ Will+ Dex+4}
 21698 | Spider:1 | Entered Level 1 of the Spider Nest
 21830 | Lair:3   | Your ally Learuk died
 21832 | Lair:3   | Your ally Horkud died
 22315 | Orc:1    | Entered Level 1 of the Orcish Mines
 22317 | Orc:1    | Gained Worak as an ally
 22471 | Orc:2    | Entered Level 2 of the Orcish Mines
 22496 | Orc:2    | Found a staircase to the Elven Halls.
 22510 | Orc:2    | Gained Korbok as an ally
 22544 | Orc:2    | Found Verhef Pueff's Weapon Emporium.
 22545 | Orc:2    | Found Wufasib's Distillery.
 22561 | Orc:2    | Reached XP level 17. HP: 108/158 MP: 28/28
 22573 | Orc:2    | Found Leosy's Jewellery Shop.
 22574 | Orc:2    | Gained Oreg as an ally
 22584 | Orc:2    | Found Cuvvo's Assorted Antiques.
 22599 | Orc:2    | Bought a potion of heal wounds for 150 gold pieces
 22683 | Orc:2    | Bought a potion of berserk rage for 55 gold pieces
 22683 | Orc:2    | Bought a potion of haste for 110 gold pieces
 22771 | Orc:2    | Found Bakippu's Jewellery Emporium.
 22989 | Orc:1    | Your ally Worak died
 22991 | Orc:1    | Reached skill level 15 in Shields
 23258 | Orc:2    | Bought the amulet of Nobility {Acrobat rC++ Stlth+} for 859
                  | gold pieces
 23296 | Orc:2    | Bought the +6 triple sword of Grandeur {vorpal, rPois
                  | Dex+3} for 812 gold pieces
 23380 | Vaults:1 | Entered Level 1 of the Vaults
 24059 | Vaults:1 | Found Arewkann's Antique Armour Shoppe.
 24109 | Vaults:1 | Noticed a sphinx
 24127 | Vaults:1 | Killed a sphinx
 24129 | Vaults:1 | Gained Gorg as an ally
 24134 | Vaults:1 | Your ally Gorg died
 25214 | Vaults:2 | Found a huge runed gate.
 25214 | Vaults:2 | Found a huge runed gate.
 25214 | Vaults:2 | Found a huge runed gate.
 25214 | Vaults:2 | Found a huge runed gate.
 25214 | Vaults:2 | Found a huge runed gate.
 25214 | Vaults:2 | Found a huge runed gate.
 25215 | Vaults:2 | Found a huge runed gate.
 25215 | Vaults:2 | Found a huge runed gate.
 25215 | Vaults:2 | Found a huge runed gate.
 25215 | Vaults:2 | Found a huge runed gate.
 25215 | Vaults:2 | Found a huge runed gate.
 25216 | Vaults:2 | Found a huge runed gate.
 25217 | Vaults:2 | Found a huge runed gate.
 25217 | Vaults:2 | Found a huge runed gate.
 25218 | Vaults:2 | Found a huge runed gate.
 25219 | Vaults:2 | Found a huge runed gate.
 25220 | Vaults:2 | Found a huge runed gate.
 25228 | Vaults:2 | Found a huge runed gate.
 25228 | Vaults:2 | Found a huge runed gate.
 25228 | Vaults:2 | Found a huge runed gate.
 25228 | Vaults:2 | Found a huge runed gate.
 25228 | Vaults:2 | Found a huge runed gate.
 25228 | Vaults:2 | Found a huge runed gate.
 25229 | Vaults:2 | Found a huge runed gate.
 25230 | Vaults:2 | Found a huge runed gate.
 25231 | Vaults:2 | Found a huge runed gate.
 25239 | Vaults:2 | Found a huge runed gate.
 25239 | Vaults:2 | Found a huge runed gate.
 25239 | Vaults:2 | Found a huge runed gate.
 25239 | Vaults:2 | Found a huge runed gate.
 25239 | Vaults:2 | Found a huge runed gate.
 25239 | Vaults:2 | Found a huge runed gate.
 25240 | Vaults:2 | Found a huge runed gate.
 25241 | Vaults:2 | Found a huge runed gate.
 25242 | Vaults:2 | Found a huge runed gate.
 25250 | Vaults:2 | Found a huge runed gate.
 25541 | Vaults:2 | Reached skill level 23 in Axes
 25967 | Vaults:2 | Reached XP level 18. HP: 159/169 MP: 30/30
 27887 | Vaults:3 | Noticed Jory
 27895 | Vaults:3 | Your ally Korbok died
 27901 | Vaults:3 | Killed Jory
 30075 | Vaults:3 | Noticed a golden dragon
 30095 | Vaults:3 | Killed a golden dragon
 30451 | Vaults:3 | Found a staircase to the Crypt.
 30725 | Vaults:4 | Reached XP level 19. HP: 165/179 MP: 32/32
 31055 | Vaults:4 | Found Erghic's Jewellery Boutique.
 31056 | Vaults:4 | Found Imiluhipn's Weapon Boutique.
 31066 | Vaults:4 | Reached skill level 24 in Axes
 31070 | Vaults:4 | Gained Warrok as an ally
 31092 | Vaults:4 | Reached skill level 15 in Armour
 31097 | Vaults:4 | Slain by a vault warden

Illustrated notes

Levels and vault maps discovered:
D:1:      lightli_arrival_farm, layout_loops_ring, ebering_ecumenical_altar_box,
          lemuel_flame_loot_1
D:2:      layout_rooms, grunt_ministairs_14
D:3:      layout_basic
D:4:      layout_basic, mainiacjoe_overflow_concentric_impassable,
          kb_xom_exploding_sheep, mainiacjoe_overflow_large_starburst,
          hangedman_decor_clover_reticule
D:5:      layout_basic, serial_shops, nicolae_diamond_shop,
          gammafunk_ghost_hive, chequers_serial_rivers_large_a, uniq_sigmund,
          uniq_duvessa, uniq_ijyb
D:6:      layout_loops_ring, gammafunk_temple_overflow_forgotten,
          kennysheep_mini_moat, gammafunk_ghost_smash
D:7:      layout_basic, fedhas_altar_1, minmay_temple_entry_purple_smoke,
          minmay_misc_feat_four_crosses
D:8:      layout_basic
D:9:      minmay_the_grid_octo_tiled_octocenter [minmay_the_grid_octo_checkered,
          minmay_the_grid_octo_tetromino_candy, minmay_the_grid_octo_concentric,
          minmay_the_grid_octo_odd_swirl,
          minmay_the_grid_octo_prize_ultimate_mussel_roller,
          minmay_the_grid_square_5x5_fat_x,
          minmay_the_grid_square_5x5_hollow_slash,
          minmay_the_grid_square_5x5_half_checkered,
          minmay_the_grid_square_5x5_shrine1], layout_basic,
          mainiacjoe_overflow_catch_the_wave, uniq_prince_ribbit1
D:10:     layout_cave_pods, mainiacjoe_overflow_tiny_flanked,
          minmay_lair_entry_grove, nicolae_transporter_circle
D:11:     gammafunk_indiana_jones, layout_irregular_city,
          maelrawn_ghost_gauntlet_escape, nicolae_trove_entry_crossroad,
          amcnicky_mini_pool_medium, uniq_lodul
D:12:     layout_loops_ring, kennysheep_orc_monster_closet_entryway
D:13:     layout_rooms, david_vaults_4, serial_glass, glass_columns_a,
          glass_columns_b, serial_shops, shop, shop, uniq_erolcha, uniq_frances
D:14:     layout_roguey, serial_park_avenue1,
          portal_ice_cave_entry_ice_simulacra
D:15:     grunt_enter_depths_hoard, layout_layer_cave, gammafunk_ghost_spectres,
          minivault_26, lightli_corner_chamber
Lair:1:   layout_cave_pods, kennysheep_abandoned_house
Lair:2:   layout_long_grid, nzn_ghost_randoct, cheibrodos_lair_lostbears,
          grunt_megastairs_1, infiniplex_staircase_pool
Lair:3:   layout_hall_layers, minmay_shoals_entry_centaurs,
          nicolae_spider_entry_tight_spaces, beast_lair_carwin_7,
          lemuel_fruit_fields, grunt_megastairs_3
Lair:4:   layout_loops_ring, disabler_island, uniq_snorg
Lair:5:   grunt_lair_end_beastmaster, layout_hall_layers, slime_entry_1,
          uniq_urug, uniq_sonja
Shoals:1: layout_shoals, gammafunk_ghost_grave
Shoals:2: layout_shoals, nicolae_shoals_sun_and_surf, uniq_ilsuiw
Shoals:3: layout_shoals
Shoals:4: shoals_end_simple, layout_shoals, nicolae_shoals_wave_tunnel
Spider:1: layout_cave_pods
Orc:1:    layout_caves, minmay_orc_keep
Orc:2:    st_orc_open, layout_caves, serial_shops, nicolae_square_shop
Vaults:1: grunt_vaults_diagonal, vaults_room_ringed_pool,
          nicolae_vaults_ninety_degrees, v_rooms_1,
          nicolae_vaults_little_squares_3, vaults_dpeg_emergency_exit,
          v_misc_15, st_lattice, nicolae_vaults_mini_display_case,
          hangedman_vaults_stretched_pinwheel, grunt_vaults_hallway_long,
          layout_vaults_omnibox, serial_shops, shop
Vaults:2: v_pattern_2, vaults_mumra_lcd, hangedman_vaults_stagger, door_vault,
          nicolae_vaults_puzzle_piece, nicolae_vaults_little_squares_5,
          v_misc_13, layout_vaults_chaotic_city
Vaults:3: portal_desolation_entry_garden, v_misc_29, v_rooms_6,
          nicolae_vaults_what_the_h, vaults_mumra_minichess,
          nicolae_vaults_display_case, nicolae_vaults_little_squares_5,
          nicolae_vaults_border_crossing, layout_vaults_omnigrid, uniq_jory
Vaults:4: hangedman_vaults_hard_town_square, v_misc_4, ontoclasm_vaults_fault,
          nicolae_vaults_shelves_hall, nicolae_vaults_twisting_passages,
          vaults_standard_mumra_enter_the_diamond, nicolae_vaults_network_s,
          nicolae_vaults_angled_halls, vaults_mumra_hex, v_misc_2,
          layout_vaults_ring, uniq_donald

Skill      XL: |  1  2  3  4  5  6  7  8  9 10 11 12 13 14 15 16 17 18 19 |
---------------+----------------------------------------------------------+-----
Axes           | 3 4 5 6 7 8 10 12 14 15 17 18 20 21 22 23 24 | 24.0
Fighting       | 4 5 6 7 8 9 10 11 12 13 14 16 17 18 | 18.2
Shields        | 4 5 6 7 9 10 11 12 13 14 15 16 | 16.9
Invocations    | 2 5 7 9 10 12 13 14 15 17 18 | 18.5
Armour         | 5 7 8 10 11 12 13 14 15 | 15.0

Action                   |  1- 3 |  4- 6 |  7- 9 | 10-12 | 13-15 | 16-18 | 19-21 || total
-------------------------+-------+-------+-------+-------+-------+-------+-------++-------
Melee: War axe           |    75 |   118 |   333 |   817 |   295 |       |       ||  1638
       Flail             |       |       |       |    11 |    13 |       |       ||    24
       Broad axe         |       |       |       |       |   446 |   686 |    66 ||  1198
Throw: Javelin           |       |       |     1 |     3 |       |       |       ||     4
Invok: Convert to Beogh  |       |       |     1 |       |       |       |       ||     1
       Smiting           |       |       |       |     4 |     7 |     9 |       ||    20
       Recall Orcish Fol |       |       |       |       |    16 |    28 |       ||    44
       Give Item to Name |       |       |       |       |     3 |     3 |       ||     6
       Resurrection      |       |       |       |       |       |     3 |       ||     3
       Stop Recall       |       |       |       |       |       |     4 |       ||     4
Evoke: Wand              |       |       |       |     3 |       |     1 |       ||     4
  Use: Scroll            |       |     3 |     4 |    18 |    14 |     9 |       ||    48
       Potion            |       |     4 |     3 |     5 |     3 |     6 |     3 ||    24
 Stab: Paralysed         |       |       |     1 |       |     8 |     5 |       ||    14
       Distracted        |       |       |       |       |    18 |    16 |     1 ||    35
       Confused          |       |       |       |       |     2 |       |       ||     2
       Petrified         |       |       |       |       |     9 |       |       ||     9
       Invisible         |       |       |       |       |     2 |       |       ||     2
Armor: Scale mail        |    44 |    47 |   125 |    64 |    98 |   216 |    22 ||   616
       Skin              |       |       |     8 |       |       |       |       ||     8
       Plate armour      |       |       |       |   370 |   234 |       |       ||   604
Dodge: Dodged            |    40 |    36 |    89 |   214 |   242 |   294 |    25 ||   940
Block: Buckler           |    18 |    29 |    14 |       |       |       |       ||    61
       Kite shield       |       |       |   108 |   556 |   559 |   550 |    49 ||  1822
